 Dungeon Crawl Stone Soup version 0.26.0-16-gc1dbca0489 (webtiles) character file.

Game seed: 13101869383064505187

2564 kaeus the Covert (level 9, -6/94 HPs)
             Began as an Octopode Berserker on Jan 20, 2021.
             Was a Priest of Trog.
             Mangled by a hornet (10 damage)
             ... while paralysed by a hornet
             ... on level 7 of the Dungeon.
             The game lasted 00:16:58 (8280 turns).

kaeus the Covert (Octopode Berserker)               Turns: 8280, Time: 00:16:58

Health: -6/94      AC:  1    Str: 16    XL:     9   Next: 57%
Magic:  18/18      EV:  2    Int:  9    God:    Trog [***...]
Gold:   174        SH:  0    Dex: 15    Spells: 8/8 levels left

rFire    . . .     SeeInvis .   g - +0 dagger
rCold    + + .     Faith    .   (no shield)
rNeg     . . .     Spirit   .   (helmet restricted)
rPois    .         Reflect  +   n - amulet of reflection
rElec    .         Harm     .   c - ring of protection from cold
rCorr    .         Rampage  .   h - +4 ring of evasion
Will     ++...                  p - ring of magical power
Stlth    ..........             D - ring of protection from cold
HPRegen  1.25/turn              (no ring)
MPRegen  0.16/turn              (no ring)
                                (no ring)
                                (no ring)

@: paralysed, berserking, lethally poisoned (-6 -> -6), regenerating (expiring),
slowed
A: almost no armour, stealthy swim, amphibious, 8 rings, constrict 8, camouflage
1, gelatinous body 1
a: Renounce Religion, Berserk, Trog's Hand


You were on level 7 of the Dungeon.
You worshipped Trog.
Trog was most pleased with you.
You visited 1 branch of the dungeon, and saw 7 of its levels.

You collected 174 gold pieces.

Inventory:

Hand Weapons
 g - a +0 dagger (weapon)
Jewellery
 c - a ring of protection from cold (left tentacle)
 h - a +4 ring of evasion (right tentacle)
 n - an amulet of reflection (around mantle)
 p - a ring of magical power (on tentacle)
 y - an uncursed amulet of magic regeneration
 D - a ring of protection from cold (on tentacle)
Wands
 s - a wand of random effects (17)
 C - a wand of iceblast (12)
Scrolls
 d - 2 scrolls of identify
 e - 2 scrolls of teleportation
 m - 3 scrolls of amnesia {unknown}
 q - a scroll of blinking
 r - a scroll of fog {unknown}
 u - 3 scrolls of magic mapping {unknown}
 v - 5 scrolls of remove curse
 w - a scroll of noise {unknown}
 x - a scroll of fear {unknown}
 B - a scroll of random uselessness {unknown}
Potions
 a - a potion of flight {unknown}
 b - 2 potions of lignification {unknown}
 f - 2 potions of might {unknown}
 i - 3 potions of invisibility {unknown}
 j - a potion of cancellation {unknown}
 k - a potion of haste {unknown}
 l - 4 potions of curing
 o - 2 potions of heal wounds {unknown}
 t - 3 potions of brilliance {unknown}
 z - a potion of attraction {unknown}
 A - a potion of ambrosia {unknown}
 E - a potion of degeneration {unknown}


   Skills:
 + Level 6.4 Fighting
 + Level 6.3 Short Blades
 + Level 6.3 Dodging
 * Level 11.2 Stealth


You had 8 spell levels left.
You didn't know any spells.
Your spell library contained the following spells:

 Spells                   Type           Power        Failure   Level
 Foxfire                  Conj/Fire      0%           38%         1
 Conjure Flame            Conj/Fire      0%           77%         3
 Inner Flame              Hex/Fire       0%           77%         3
 Sticky Flame             Conj/Fire      0%           99%         4
 Fireball                 Conj/Fire      0%           100%        5


Dungeon Overview and Level Annotations

Branches:
Dungeon (7/15)             Temple (0/1) D:7

Altars:
Fedhas
Qazlal


Innate Abilities, Weirdness & Mutations

You cannot wear most types of armour.
You are very stealthy in the water. (Stealth+)
You are amphibious.
You can wear up to eight rings at the same time.
You can use your tentacles to constrict eight enemies at once.
Your skin changes colour to match your surroundings (Stealth+).
Your rubbery body absorbs attacks. (AC +1, EV +1)


Message History

You are poisoned.
You feel as though you will be slow longer.
You hit the hornet but do no damage.
The hornet is lightly wounded.
You constrict the hornet.
You feel sick. The hornet stings you.
* * * LOW HITPOINT WARNING * * *
You are more poisoned.
You feel as though you will be slow longer.
You hit the hornet. You squeeze the hornet!!
The hornet is severely wounded.
You feel the effects of Trog's Hand fading.
You constrict the hornet.
You feel sick. The hornet misses you.
You hit the hornet.
The hornet is almost dead.
You constrict the hornet, but do no damage.
You feel sick. The hornet stings you!
* * * LOW HITPOINT WARNING * * *
You suddenly lose the ability to move!
You lose your grip on the hornet.
You feel sick. The hornet stings you!
You die...

........#o8.#...##.)......†
.######.......#.###########
........#.#.†..#
######......#### #..o#.##
###o..# ##l## #y# #@# #.#
####'###### #.........#
#.........# #.........#
#.........# #.........#
#.........#


You could see a hornet, an iguana and 2 orcs.

Vanquished Creatures
  Maggie (D:6)
  Sigmund (D:6)
  Edmund (D:4)
  Duvessa (D:4)
  A black bear (D:5)
  An ice beast (D:7)
  A phantom (D:6)
  6 ogres
  2 centaurs (D:7)
  A big kobold (D:6)
  Blork the orc (D:4)
  2 bullfrogs
  Dowan (D:4)
  3 howler monkeys (D:7)
  A centaur zombie (D:5)
  An orc priest (D:5)
  2 hounds (D:7)
  An orc wizard (D:4)
  2 iguanas
  2 worker ants
  A hound zombie (D:5)
  2 hound skeletons
  A howler monkey skeleton (D:7)
  6 adders
  A shadow imp (D:6)
  4 white imps
  3 oozes
  An adder zombie (D:6)
  An adder skeleton (D:5)
  2 worms
  A dart slug (D:1)
  6 leopard geckos
  10 orcs
  14 giant cockroaches
  7 goblins
  10 hobgoblins
  11 jackals
  A ball python (D:2)
  A ball python skeleton (D:5)
  13 bats
  7 frilled lizards
  11 kobolds
  2 quokka skeletons
  5 rats
153 creatures vanquished.

Notes
Turn   | Place    | Note
-------+----------+-------------------------------------------
     0 | D:1      | kaeus the Octopode Berserker began the quest for the Orb.
     0 | D:1      | Reached XP level 1. HP: 16/16 MP: 1/1
    59 | D:1      | Reached skill level 1 in Stealth
    59 | D:1      | Reached XP level 2. HP: 18/21 MP: 2/2
   640 | D:1      | Reached skill level 2 in Stealth
   693 | D:1      | Reached XP level 3. HP: 19/26 MP: 3/3
  1240 | D:2      | Reached ** piety under Trog
  1393 | D:2      | Reached skill level 3 in Stealth
  1393 | D:2      | Reached XP level 4. HP: 14/31 MP: 4/4
  1888 | D:2      | You fall into a shaft and drop 1 floor!
  2724 | D:3      | Reached XP level 5. HP: 36/36 MP: 5/5
  2838 | D:3      | Reached skill level 4 in Stealth
  3418 | D:4      | Reached *** piety under Trog
  3478 | D:4      | Noticed Dowan
  3485 | D:4      | Noticed Blork the orc
  3517 | D:4      | Killed Blork the orc
  3518 | D:4      | Reached skill level 5 in Stealth
  3518 | D:4      | Reached XP level 6. HP: 38/43 MP: 6/6
  3894 | D:4      | Noticed Duvessa
  3912 | D:4      | Killed Duvessa
  3935 | D:4      | Killed Dowan
  3936 | D:4      | Reached skill level 6 in Stealth
  4113 | D:4      | Found a stormy altar of Qazlal.
  4117 | D:4      | Noticed Edmund
  4148 | D:4      | Reached XP level 7. HP: 49/49 MP: 7/7
  4813 | D:4      | Killed Edmund
  4814 | D:4      | Reached skill level 7 in Stealth
  5151 | D:5      | Entered Level 5 of the Dungeon
  5702 | D:5      | Reached skill level 5 in Fighting
  5702 | D:5      | Reached XP level 8. HP: 28/55 MP: 8/8
  5883 | D:5      | Reached skill level 8 in Stealth
  6174 | D:5      | Reached skill level 5 in Short Blades
  6174 | D:5      | Reached skill level 5 in Dodging
  6968 | D:6      | Reached skill level 9 in Stealth
  7026 | D:6      | Noticed Maggie
  7051 | D:6      | Killed Maggie
  7052 | D:6      | Reached skill level 10 in Stealth
  7052 | D:6      | Reached XP level 9. HP: 38/62 MP: 9/9
  7272 | D:6      | Noticed Sigmund
  7277 | D:6      | Killed Sigmund
  7809 | D:7      | Found a blossoming altar of Fedhas.
  8193 | D:7      | Found a staircase to the Ecumenical Temple.
  8197 | D:7      | Reached skill level 11 in Stealth
  8247 | D:7      | Noticed a hornet
  8255 | D:7      | Reached **** piety under Trog
  8257 | D:7      | Paralysed by a hornet for 1 turns
  8279 | D:7      | HP: 4/94 [hornet (16)]
  8279 | D:7      | Paralysed by a hornet for 1 turns
  8280 | D:7      | Mangled by a hornet

Illustrated notes

Levels and vault maps discovered:
D:1:      amcnicky_arrival_underground_garden, layout_basic, minmay_box_of_dots
D:2:      minmay_roachtagon, layout_basic, minmay_surrounded
D:3:      layout_basic, hangedman_decor_growths
D:4:      layout_layer_cave, overflow_temple_1_default, uniq_edmund,
          uniq_blork_the_orc, uniq_duvessa
D:5:      layout_cave_pods
D:6:      layout_rooms, uniq_sigmund, uniq_maggie
D:7:      layout_basic, minmay_temple_entry_sparse_star,
          fedhas_bush_and_centaur_altar

Skill      XL: |  1  2  3  4  5  6  7  8  9 |
---------------+----------------------------+-----
Stealth        | 1 2 3 5 6 7 10 11 | 11.2
Fighting       | 4 5 6 |  6.4
Dodging        | 4 5 6 |  6.3
Short Blades   | 4 5 6 |  6.3

Action                   |  1- 3 |  4- 6 |  7- 9 || total
-------------------------+-------+-------+-------++-------
Melee: Short sword       |    37 |       |       ||    37
       Constrict         |    21 |    26 |    36 ||    83
       Tentacles         |    17 |    29 |    68 ||   114
       Dagger            |    53 |   133 |   293 ||   479
Invok: Berserk           |       |     4 |     6 ||    10
       Trog's Hand       |       |     2 |     3 ||     5
  Use: Scroll            |       |     4 |     1 ||     5
 Stab: Sleeping          |    11 |    10 |    16 ||    37
       Distracted        |       |       |     1 ||     1
Armor: Skin              |     9 |     2 |     4 ||    15
Dodge: Dodged            |    64 |    83 |   190 ||   337
Block: Other             |       |    14 |    48 ||    62
       Reflection        |       |       |     5 ||     5
